 Dungeon Crawl Stone Soup version 0.29-a0-344-ge2f44be95a (webtiles) character file.

Game seed: 13905966816121525122

299 freelancePsychic the Changer (level 6, -6/40 (46) HPs)
             Began as a Demonspawn Transmuter on Apr 21, 2022.
             Mangled by a wight
             ... wielding a +1 short sword
              (9 damage)
             ... on level 4 of the Dungeon.
             The game lasted 00:06:44 (5398 turns).

freelancePsychic the Changer (DsTm)                 Turns: 5398, Time: 00:06:45

HP:   -6/40 (46)    AC:  2    Str: 10    XL:     6   Next: 13%
MP:   9/9           EV: 20    Int: 23    God:
Gold: 90            SH:  0    Dex: 22    Spells: 5/9 levels left

rFire   . . .      SeeInvis .     - Unarmed
rCold   . . .      Faith    .   (shield currently unavailable)
rNeg    . . .      Spirit   .   (body armour currently unavailable)
rPois   x          Reflect  .   (helmet currently unavailable)
rElec   .          Harm     .   (cloak currently unavailable)
rCorr   .          Rampage  .   (gloves currently unavailable)
Will    .....                   (boots currently unavailable)
Stlth   ++++......              (no amulet)
HPRegen 0.13/turn               u - +6 ring of intelligence
MPRegen 0.11/turn               (no ring)

@: spider-form, heavily drained
A: venomous fangs, tiny, thin skeletal structure 2, powered by pain 2, (demonic
touch 1)
a: End Transformation


You were on level 4 of the Dungeon.
You were a venomous arachnid creature.
You visited 1 branch of the dungeon, and saw 4 of its levels.

You collected 90 gold pieces.

Inventory:

Missiles
 s - a throwing net
Armour
 a - a +0 robe (melded)
Jewellery
 u - a +6 ring of intelligence (left front leg)
Scrolls
 c - 2 scrolls of immolation
 d - 2 scrolls of noise {unknown}
 f - 2 scrolls of amnesia
 h - a scroll of vulnerability {unknown}
 n - a scroll of teleportation {unknown}
 q - a scroll of enchant weapon {unknown}
 r - a scroll of silence {unknown}
Potions
 b - 3 potions of curing {unknown}
 e - 2 potions of haste {@q3}
 g - a potion of experience {unknown}
 i - 2 potions of magic {unknown}
 j - a potion of heal wounds {unknown}
 k - a potion of degeneration {unknown}
 l - a potion of flight {unknown}
 m - a potion of ambrosia {unknown}
 o - 2 potions of might {unknown}
 p - a potion of cancellation {unknown}
 t - 2 potions of brilliance {unknown}
 v - 2 potions of mutation {unknown}


   Skills:
 + Level 2.7 Fighting
 + Level 2.2 Dodging
 * Level 3.3 Unarmed Combat
 - Level 2.0 Spellcasting
 + Level 3.5 Transmutations
 + Level 1.0 Ice Magic
 - Level 2.7 Poison Magic


You had 5 spell levels left.
You knew the following spells:

 Your Spells              Type           Power      Damage    Failure   Level
a - Beastly Appendage     Tmut           36%        N/A       11%         1
b - Spider Form           Tmut/Pois      16%        N/A       26%         3

Your spell library contained the following spells:

 Spells                   Type           Power      Damage    Failure   Level
 Wereblood                Tmut           18%        N/A       14%         2
 Ensorcelled Hibernation  Hex/Ice        8%         N/A       34%         2
 Ice Form                 Ice/Tmut       12%        N/A       67%         4
 Anguish                  Hex/Necr       1%         N/A       90%         4
 Malign Gateway           Summ/Tloc      1%         N/A       100%        7
 Summon Horrible Things   Summ           1%         N/A       100%        8


Dungeon Overview and Level Annotations

Branches:
Dungeon (4/15)
 Temple: D:4-7

Altars:

Annotations:
D:3 1 runed translucent door, mnm's ghost, amateur VSFi
D:4 2 runed translucent doors, Dowan; Duvessa; Edmund; Slifar's ghost, amateur DrFE


Innate Abilities, Weirdness & Mutations

You are a venomous arachnid creature.
You have poisonous fangs.
You are tiny and dextrous.
Your spellcasting is less reliable in this form.
Your armour is entirely melded.
You are incapable of wielding weapons or throwing items.
You have a moderately thin skeletal structure. (Dex +4, Stealth++)
You sometimes gain power by taking damage.
((Your touch may inflict minor irresistible damage on your foes.))


Message History

The wight barely misses you.
You hit the wight.
The wight is severely damaged.
The wight hits you with a +1 short sword.
You are too injured to fight recklessly!
You are too injured to fight recklessly!
You are too injured to fight recklessly!
You are too injured to fight recklessly!
You are too injured to fight recklessly!
You are too injured to fight recklessly!
You are too injured to fight recklessly!
You are too injured to fight recklessly!
You are too injured to fight recklessly!
You are too injured to fight recklessly!
You are too injured to fight recklessly!
You are too injured to fight recklessly!
You are too injured to fight recklessly!
You are too injured to fight recklessly!
You are too injured to fight recklessly!
You are too injured to fight recklessly!
You are too injured to fight recklessly!
You barely miss the wight.
The wight is severely damaged.
The wight misses you.
You hit the wight but do no damage.
The wight is severely damaged.
The wight completely misses you.
You hit the wight but do no damage.
The wight is severely damaged.
The wight hits you with a +1 short sword!
You feel drained.
You hit the wight but do no damage.
The wight is severely damaged.
The wight hits you with a +1 short sword!
* * * LOW HITPOINT WARNING * * *
You focus on the pain.
You feel your power returning.
You hit the wight but do no damage.
The wight is severely damaged.
The wight hits you with a +1 short sword!
You die...

.............# #.#
###.######.#.## #.#####
#.# #.#.# #.z)z.z #.#
#.#.# #.##### #.# ###.#
#.# #######.########.##
#.#
..........).......######
#.#
#######.#######..z......
..# ........# ##s#######
### ######### ###


You could see a wight.

Vanquished Creatures
  2 wights
  3 adders
  7 gnolls
  4 worms
  3 dart slugs
  3 orcs
  11 endoplasms
  5 giant cockroaches
  13 goblins
  4 hobgoblins
  8 kobolds
  3 quokkas
  8 ball pythons
  4 bats
  3 frilled lizards
  3 rats
84 creatures vanquished.

Notes
Turn   | Place    | Note
-------+----------+-------------------------------------------
     0 | D:1      | freelancePsychic the Demonspawn Transmuter began the quest
                  | for the Orb.
     0 | D:1      | Reached XP level 1. HP: 15/15 MP: 3/3
   149 | D:1      | Gained mutation: You have a somewhat thin skeletal
                  | structure. (Dex +2, Stealth+) [demonic ancestry]
   149 | D:1      | Reached XP level 2. HP: 17/21 MP: 3/5
   268 | D:1      | Reached skill level 1 in Poison Magic
   666 | D:1      | Found a faded altar of an unknown god.
  1455 | D:2      | Gained mutation: You sometimes gain a little power by
                  | taking damage. [demonic ancestry]
  1455 | D:2      | Reached XP level 3. HP: 25/26 MP: 4/6
  2782 | D:3      | Gained mutation: You sometimes gain power by taking damage.
                  | [demonic ancestry]
  2782 | D:3      | Reached XP level 4. HP: 5/33 MP: 5/7
  3073 | D:3      | Learned a level 3 spell: Spider Form
  3739 | D:3      | Found a runed translucent door.
  3743 | D:3      | Noticed mnm's ghost (amateur VSFi)
  4010 | D:4      | Gained mutation: Your touch may inflict minor irresistible
                  | damage on your foes. [demonic ancestry]
  4010 | D:4      | Reached XP level 5. HP: 38/38 MP: 4/8
  4166 | D:4      | Noticed Edmund
  4186 | D:4      | Found a large runed translucent door.
  4186 | D:4      | Found a large runed translucent door.
  4190 | D:4      | Noticed Slifar's ghost (amateur DrFE)
  4373 | D:4      | Noticed Dowan
  4373 | D:4      | Noticed Duvessa
  5270 | D:3      | Reached skill level 1 in Ice Magic
  5270 | D:3      | Gained mutation: You have a moderately thin skeletal
                  | structure. (Dex +4, Stealth++) [demonic ancestry]
  5270 | D:3      | Reached XP level 6. HP: 28/44 MP: 6/9
  5397 | D:4      | HP: 2/40 [wight/+1 short sword (12)]
  5398 | D:4      | Mangled by a wight

Illustrated notes

Levels and vault maps discovered:
D:1:      saegor_arrival_under_anarchy, layout_basic,
          ebering_ecumenical_altar_webs, corexii_leaking_fountain
D:2:      layout_loops_ring
D:3:      layout_basic, ebering_ghost_inner_flame, minmay_misc_feat_roman,
          minivault_11, minmay_circle_x
D:4:      layout_basic, ebering_ghost_disaster_area, uniq_edmund, uniq_duvessa,
          uniq_crazy_yiuf_cottage, uniq_menkaure

Skill      XL: |  1  2  3  4  5 |
---------------+----------------+-----
Transmutations | 2 3 |  3.5
Poison Magic   | 1 2 |  2.7
Fighting       | 2 |  2.7
Dodging        | 2 |  2.2
Unarmed Combat | 3 |  3.3
Ice Magic      | 1 |  1.0
Spellcasting   | |  2.0

Action                   |  1- 3 |  4- 6 || total
-------------------------+-------+-------++-------
Melee: Unarmed           |   142 |   138 ||   280
       Kick              |    11 |       ||    11
       Headbutt          |     9 |       ||     9
       Punch             |     4 |     1 ||     5
       Touch             |       |     3 ||     3
 Cast: Beastly Appendage |    19 |       ||    19
       Spider Form       |       |    19 ||    19
  Use: Scroll            |     1 |     2 ||     3
       Potion            |     1 |     2 ||     3
 Stab: Sleeping          |     8 |     3 ||    11
Armor: Robe              |    21 |     1 ||    22
       Skin              |     9 |     7 ||    16
Dodge: Dodged            |    91 |   109 ||   200

Table legend: (Time is in decaauts)
 A = Elapsed time spent in this place.
 B = Non-inter-level travel time spent in this place.
 C = Inter-level travel time spent in this place.
 D = Time resting spent in this place.
 E = Time spent auto-exploring this place.
 F = Levels seen in this place.
 G = Mean time per level.
                   A        B        C        D        E       F      G
               +--------+--------+--------+--------+--------+-----+--------+
         Total |   5367 |   5308 |     59 |    548 |   3993 |   4 | 1341.8 |
       Dungeon |   5367 |   5308 |     59 |    548 |   3993 |   4 | 1341.8 |
               +--------+--------+--------+--------+--------+-----+--------+

Top non-repeatable levels by time:
     D:3: 1924 daAuts
     D:1: 1365 daAuts
     D:2: 1262 daAuts
     D:4: 816 daAuts
